 Dungeon Sprint DCSS version 0.22-a0-515-g75794bf (webtiles) character file.

2629 raistware the Bludgeoner (level 9, -7/84 HPs)
             Began as an Ogre Fighter on June 19, 2018.
             Was an Elder of the Shining One.
             Mangled by a porcupine (12 damage)
             ... while paralysed
             ... in the Dungeon (Sprint IX: "|||||||||||||||||||||||||||||").
             The game lasted 00:03:51 (735 turns).

raistware the Bludgeoner (Ogre Fighter)              Turns: 735, Time: 00:03:52

Health: -7/84      AC:  4    Str: 25    XL:     9   Next: 61%
Magic:  9/9        EV:  1    Int:  9    God:    the Shining One [****..]
Gold:   15         SH:  0    Dex: 11    Spells: 8/8 levels left

rFire    . . .     SeeInvis .   o - +2 morningstar (crush)
rCold    . . .     Gourm    .   c - +0 shield
rNeg     + + .     Faith    .   b - +0 robe
rPois    .         Spirit   .   (helmet restricted)
rElec    .         Reflect  .   a - +0 cloak
rCorr    .         Harm     .   (gloves unavailable)
MR       .....     NoTele   +   (boots unavailable)
Stlth    +.........             (no amulet)
HPRegen  0.24/turn              r - +3 ring of dexterity
MPRegen  0.11/turn              q - +2 ring of evasion

@: paralysed, berserk cooldown, slowed, glowing
A: large, unfitting armour, tough skin 1
a: Divine Shield, Cleansing Flame, Renounce Religion


You were in the Dungeon.
You worshipped the Shining One.
The Shining One was greatly pleased with you.
You were not hungry.

You visited 1 branch You collected 15 gold pieces.

Inventory:

Hand Weapons
 o - a +2 morningstar of crushing (weapon)
 p - the +2 rapier "Hecyodd" {flame, rC+ Int+5 Stlth+}
   (You found it in the Dungeon)

   It has been specially enchanted to burn those struck by it, causing extra
   injury to most foes and up to half again as much damage against particularly
   susceptible opponents.
   It affects your intelligence (+5).
   It protects you from cold.
   It makes you more stealthy.
Armour
 a - a +0 cloak (worn)
 b - a +0 robe (worn)
 c - a +0 shield (worn)
Jewellery
 q - a +2 ring of evasion (right hand)
 r - a +3 ring of dexterity (left hand)
Wands
 n - a wand of iceblast (9)
Scrolls
 j - 4 scrolls of remove curse
 k - 3 scrolls of blinking
 m - 2 scrolls of amnesia
 s - a scroll of magic mapping
 t - a scroll of identify
 u - 4 scrolls of enchant weapon
Potions
 e - 7 potions of curing
 g - 4 potions of heal wounds
 h - a potion of mutation
 i - 4 potions of magic
Comestibles
 f - 2 rations
 l - 2 chunks of flesh


   Skills:
 - Level 4.0 Fighting
 - Level 16.1 Maces & Flails
 + Level 10.7 Dodging
 - Level 2.6 Shields


You had 8 spell levels left.
You didn't know any spells.
Your spell library was empty.

Dungeon Overview and Level Annotations

Branches:
Dungeon (1/1)

Altars:
Cheibriados
Dithmenos
Elyvilon
Fedhas
Gozag
Hepliaklqana
Kikubaaqudgha
Makhleb
Nemelex Xobeh
Okawaru
Qazlal
Ru
Sif Muna
Trog
Uskayaw
Vehumet
Wu Jian
Xom
Yredelemnul
Zin
The Shining One
Beogh
Jiyva
Lugonu


Innate Abilities, Weirdness & Mutations

You are too large for most types of armour.
You have tough skin. (AC +1)


Message History

You are struck by the porcupine's spines.
* * * LOW HITPOINT WARNING * * *
You barely miss the porcupine.
The porcupine is almost dead.
The spiny frog gives a loud, deep croak!
The porcupine twitches its whiskers.
The porcupine barely misses you.
You feel a strong urge to attack something.
You are too berserk!
Unknown command.
You feel your anger nearly subside.
You are no longer berserk.
You pass out from exhaustion.
You feel yourself slow down. The porcupine bites you.
* * * LOW HITPOINT WARNING * * *
The porcupine bites you but does no damage.
The porcupine bites you. The Shining One protects you from harm!
The porcupine bites you!
You die...

▓.▓.▓.▓
▓.▓.▓(▓
▓.▓.▓)▓
▓.▓.▓)▓
▓.▓.▓.▓
▓!▓.▓.▓
▓.▓.▓.▓
▓.▓.▓.▓
▓@▓.▓'▓
▓r▓.▓_▓
▓F▓.▓_▓
▓r▓.▓_▓
▓F▓.▓_▓
▓t▓.▓_▓
▓F▓.▓_▓
▓.▓.▓_▓
▓.▓)▓_▓


You could see 3 spiny frogs, a crocodile and 2 porcupines.

Vanquished Creatures
  A hydra (D)
  An unseen horror (D)
  Maurice (D)
  A gargoyle (D)
  An ice beast (D)
  2 phantoms (D)
  An ogre (D)
  2 centaurs (D)
  A bullfrog (D)
  A gnoll sergeant (D)
  A hound (D)
  2 orc wizards (D)
  2 worker ants (D)
  An ooze (D)
  An adder skeleton (D)
  A dart slug (D)
  A leopard gecko (D)
  An orc (D)
  A jackal (D)
  2 rats (D)
25 creatures vanquished.

Notes
Turn   | Place    | Note
-------+----------+-------------------------------------------
     0 | D        | raistware the Ogre Fighter began the quest for the Orb.
     0 | D        | Reached XP level 1. HP: 24/24 MP: 1/1
     6 | D        | Reached skill level 2 in Maces & Flails
    10 | D        | Reached skill level 3 in Maces & Flails
    21 | D        | Reached skill level 4 in Maces & Flails
    21 | D        | Reached XP level 2. HP: 13/32 MP: 2/2
   208 | D        | Noticed a centaur
   212 | D        | Reached skill level 6 in Maces & Flails
   212 | D        | Reached XP level 3. HP: 39/39 MP: 3/3
   220 | D        | Killed a centaur
   220 | D        | Reached skill level 8 in Maces & Flails
   220 | D        | Reached XP level 4. HP: 29/48 MP: 4/4
   220 | D        | Reached XP level 5. HP: 33/54 MP: 5/5
   232 | D        | Reached skill level 9 in Maces & Flails
   246 | D        | Found a roughly hewn altar of Beogh.
   246 | D        | Found a snail-covered altar of Cheibriados.
   246 | D        | Found a shadowy altar of Dithmenos.
   246 | D        | Found a white marble altar of Elyvilon.
   246 | D        | Found a blossoming altar of Fedhas.
   246 | D        | Found an opulent altar of Gozag.
   247 | D        | Found a hazy altar of Hepliaklqana.
   248 | D        | Found a viscous altar of Jiyva.
   249 | D        | Found an ancient bone altar of Kikubaaqudgha.
   250 | D        | Found a corrupted altar of Lugonu.
   251 | D        | Found a burning altar of Makhleb.
   252 | D        | Found a sparkling altar of Nemelex Xobeh.
   253 | D        | Found an iron altar of Okawaru.
   254 | D        | Found a stormy altar of Qazlal.
   255 | D        | Found a sacrificial altar of Ru.
   256 | D        | Found a deep blue altar of Sif Muna.
   257 | D        | Found a bloodstained altar of Trog.
   258 | D        | Found a hide-covered altar of Uskayaw.
   259 | D        | Found a radiant altar of Vehumet.
   260 | D        | Found an ornate altar of the Wu Jian Council.
   261 | D        | Found a shimmering altar of Xom.
   262 | D        | Found a basalt altar of Yredelemnul.
   265 | D        | Found a glowing silver altar of Zin.
   266 | D        | Found a glowing golden altar of the Shining One.
   274 | D        | Became a worshipper of the Shining One
   284 | D        | Got the +2 rapier "Hecyodd" {flame, rC+ Int+5 Stlth+}
   411 | D        | Noticed a centaur
   411 | D        | Noticed an ice beast
   411 | D        | Reached * piety under the Shining One
   411 | D        | Noticed an ogre
   415 | D        | Reached skill level 10 in Maces & Flails
   419 | D        | Killed a centaur
   419 | D        | Reached skill level 11 in Maces & Flails
   419 | D        | Reached XP level 6. HP: 58/62 MP: 6/6
   421 | D        | Reached skill level 12 in Maces & Flails
   432 | D        | Killed an ice beast
   432 | D        | Reached XP level 7. HP: 61/70 MP: 7/7
   435 | D        | Reached skill level 13 in Maces & Flails
   470 | D        | Reached ** piety under the Shining One
   470 | D        | Noticed a gargoyle
   470 | D        | Noticed an unseen horror
   472 | D        | Reached *** piety under the Shining One
   480 | D        | Killed an unseen horror
   480 | D        | Reached skill level 14 in Maces & Flails
   480 | D        | Reached XP level 8. HP: 66/78 MP: 8/8
   487 | D        | Killed a gargoyle
   491 | D        | Reached skill level 15 in Maces & Flails
   649 | D        | Noticed Maurice
   657 | D        | Killed Maurice
   657 | D        | Reached XP level 9. HP: 63/84 MP: 9/9
   719 | D        | Noticed a seven-headed hydra
   719 | D        | Reached **** piety under the Shining One
   719 | D        | Noticed a spiny frog
   719 | D        | Noticed a spiny frog
   724 | D        | Killed a seven-headed hydra
   724 | D        | Reached skill level 16 in Maces & Flails
   724 | D        | Reached skill level 10 in Dodging
   726 | D        | Noticed a spiny frog
   733 | D        | HP: 4/84 [porcupine (5)]
   734 | D        | The Shining One protects you from harm!
   735 | D        | Mangled by a porcupine

Vault maps used:
D:        linesprint

Skill      XL: |  1  2  3  4  5  6  7  8  9 |
---------------+----------------------------+-----
Maces & Flails | 4 6 8 11 12 14 15 16 | 16.1
Dodging        | 7 9 10 | 10.7
Fighting       | |  4.0
Shields        | |  2.6

Action                   |  1- 3 |  4- 6 |  7- 9 || total
-------------------------+-------+-------+-------++-------
Melee: Flail             |    27 |    11 |       ||    38
       Morningstar       |       |    18 |    39 ||    57
Evoke: Wand              |       |       |     1 ||     1
  Use: Potion            |     1 |     1 |     3 ||     5
Armor: Robe              |     2 |     4 |     4 ||    10
Dodge: Dodged            |     2 |     4 |    11 ||    17
Block: Shield            |    17 |    10 |    12 ||    39

Table legend:
 A = Spawn XP
 B = Non-spawn XP
 C = Spawn XP percentage of total XP
 D = Spawn monster count
 E = Non-spawn monster count
 F = Spawn count percentage of total count
 G = Total turns spent on level
                    A         B        C        D         E        F      G
               +---------+---------+-------+---------+---------+-------+---------
         Total |       0 |    3757 |   0.0 |       0 |      25 |   0.0 |   735
               +---------+---------+-------+---------+---------+-------+---------
             D |       0 |    3757 |   0.0 |       0 |      25 |   0.0 |   735
               +---------+---------+-------+---------+---------+-------+---------
